Workbook

Sheet Tableau de Bord
A1: Tableau de bord
B2: JJ/MM/AA | D2: JJ/MM/AA | E2: Documents requis et dates de dépôt
A3: Type d'entente | B3: Date d'éclosion (entrée dans l'éleveuse) | C3: Date à 19 semaines | D3: Date de livraison au pondoir si différente | E3: Calendrier de placement (1e page entente approvisionnement) | F3: Entente d'approvisionnement | G3: Rapport de mise en marché | H3: Bon de transport (si existant) | I3: Confirmation de paiement
C4: =IF(B4="","",B4+133) | E4: 12 sem avant livraison des poussins | F4: 12 sem avant la livraison des poussins | G4: 5 jours a près livraison des poulettes | H4: 5 jours après la livraison des poulettes | I4: 30 jours après le Rapport de Mise en marché
E5: =IF(A4=A11,B4-(12*7),F5) | F5: =IF(B4="","",IF(A4=A10,B4-(12*7),IF(A4=A12,B4-(12*7),IF(A4=A13,B4-(12*7),"")))) | G5: =IF(B4="","",IF(A4=A10,H5,IF(A4=A12,H5,""))) | H5: =IF(B4="","",IF(D4="",C4+5,D4+5)) | I5: =IF(B4="","",IF(A4=A10,G5+30,IF(A4=A12,G5+30,"")))
A8: Procédures:
A9: 1. Choisir votre type d'entente
A10: Indépendants | B10: : Exclusivement un éleveur, élève des poulettes pour des producteurs d'oeufs
A11: Cicuits fermés | B11: : Éleveur et producteur, élève des poulettes pour ses propres besoins
A12: Circuits fermés PLUS | B12: : Éleveur et producteur, élève des poulettes pour lui-même et également pour d'autres producteurs d'œufs
A13: Apparentés (un actionnaire commun) | B13: : L'entité qui élève a au moins un actionnaire commun avec le producteur d'œufs
A14: 2. Inscrire la date d'éclosion
A15: 3. Inscrire la date de livraison au pondoir, si différente de la date à 19 semaines

Sheet Calendrier + Entente d'appro.
A1: CALENDRIER DE PLACEMENT | K1: À acheminer à la Fédération au plus tard le : | L1: =IF('Tableau de Bord'!F5="","",'Tableau de Bord'!F5)
C2: ENTENTE D'APPROVISIONNEMENT No de lot: | L2: Réservé à la Fédération
C3: Éleveur | H3: Acheteur
C4: Nom : | H4: Nom :
C6: Adresse : | H6: Adresse :
C8: Adresse de l'éleveuse : | H8: Adresse du pondoir :
C10: Numéro de l'éleveuse : | H10: Numéro du pondoir :
E12: Mode d'élevage des poulettes : | H12: Cage | J12: Parquet | L12: Volière
G13: Nombre de cages de départ :
C15: Race de poussins : | E15: Quantité de poulettes visées par l'acheteur à 19 semaines (maximum) : | I15: Date prévue de livraison au pondoir :
C16: Blanche : | E16: Blanche :
C17: Brune : | E17: Brune :
C18: Date(s) d'entrée des poussins dans l'éleveuse : | E18: Quantité de poussins commandés : | I18: Quantité de poulettes mises en élevage chez l'éleveur (inclus le 4% gratuit) :
E19: Blanche : | I19: Blanche :
E20: Brune : | I20: Brune :
G21: Prix du poussin : | I21: =IF(H21="","$","") -> $ | J21: (inclus prix du poussin, primes d'assurances et frais de gestion)
C22: Traitement du bec * : Oui
C23: Vaccins à 1 jour * : Marek-Rispen | E23: HVT-IBD-ILT | H23: Bronchite | J23: E. coli | L23: Coccidiose
D24: Innovax-ILT | F24: Autres : | J24: * Inclus dans le prix du poussin
C25: Vaccins en élevage : Programme standard sans injection | E25: Injection vers 15 semaines | H25: Livrés par le couvoir: à la livraison (1 jour) à la ferme (en cours d'élevage) Aucun vaccin à fournir
C26: Autres vaccins en élevage:
C27: Autres conditions :
C28: Paiement : | H28: Fournitures:
C30: Détails de livraison : | H30: Autres :
C33: Couvoirier : | H33: Provenance :
C34: Le couvoirier s'engage à livrer à l'éleveur les poussins en conformité avec le présent calendrier de placement et l'éleveur s'engage à acheter les poussins livrés par le couvoirier.
C36: Signature | E36: Date | H36: Signature | L36: Date
C37: =IF(C5="","",C5) | H37: =IF(D33="","",D33)
C38: Nom de l'entreprise d'élevage (Éleveur) | H38: Nom du couvoirier (vendeur)
C40: NE PAS COMPLÉTER LES PROCHAINES SECTIONS SI CE LOT EST UN ÉLEVAGE EN CIRCUIT FERMÉ
C41: 1. SPÉCIFICATION REQUISES
C42: En plus du respect des conditions de production prévues a l'artcile 6 du Règlement sur la mise en marché des poulettes, l'Éleveur s'engage à élever des poulettes respectant les spécifications suivantes de l'acheteur:
C44: Spécification | E44: Spécification requise | F44: Description
C46: a. Race : | E46: Oui Non
C48: b. Programme alimentaire : | E48: Oui Non
C50: c. Fournisseur d'aliments : | E50: Oui Non
C52: d. Programme de vaccination : | E52: Oui Non
C54: e. Programme d'éclairage : | E54: Oui Non
C56: f. Certification requise : | E56: Oui Non
C58: g. Autres : | E58: Oui Non
C61: 2. PRIX REQUIS
J62: Prix
C63: a. Prix minimum
C64: i) Poussin : | M64: =IF(L64="","$","") -> $
C65: Prix du poussin incluant les primes de la police d'assurance des biens couvrant certains sinistres attribuables à la Salmonella enteritidis dans la chaîne d'approvisionnement des œufs administrée par l'ARRIOCC et du Régime d'indemnisation
E66: +
C67: ii) Coût d'élevage : | L67: 3.27
C68: (énergie, réparation et entretien, main-d'œuvre, dépense et dépréciation, frais généraux, contribution payable par l'éleveur, intérêts, rendement pour l'éleveur et les frais d'attrapage) | O68: taux valide à compter du 1e janvier 2026
C69: SOUS-TOTAL par poulette : | K69: =IF(L64="","",L67+L64) | M69: =IF(K69="","$","") -> $
E70: Fournis par l'éleveur | J70: Si convenu à la signature de l'entente
C71: b. Vaccination : | E71: Oui Non | M71: =IF(L71="","$","") -> $
C72: c. Aliments : | E72: Oui Non | M72: =IF(L72="","$","") -> $
C73: d. Suppléments découlant des | E73: Oui Non | M73: =IF(L73="","$","") -> $
C74: spécifications de l'acheteur :
C75: TOTAL par poulette : | K75: =IF(L64="","",K69+L71+L72+L73) | M75: =IF(K75="","$","") -> $
C76: 3. ENGAGEMENTS DES PARTIES
C77: L’éleveur s’engage à élever et livrer à l’acheteur la quantité de poulettes commandées, conformément aux spécifications requises, le cas échéant. L’acheteur s’engage à acheter de l’éleveur les poulettes produites conformément à la présente entente et au prix convenu.
C78: OPTIONS : à convenir entre les parties
C79: 4. ACOMPTE | J79: Oui Non
C80: Lorsque les parties cochent « Oui », l'acheteur s'engage à verser à l'éleveur, conformément à l'article 9 de la présente entente, un acompte sur le prix de vente d'un montant équivalent au prix du poussin indiqué à l'article 2 de la présente entente.
C81: 5. PESÉE DES POULETTES | J81: Oui Non
C82: Lorsque les parties cochent « Oui », l'éleveur s'engage à effectuer 3 pesées des poulettes en cours d'élevage et à informer l'acheteur de la date des pesées pour lui permettre, s'il le désire, d'y assister. Les pesées doivent être faites aux âge suivants :
C83: 1e la première pesée est faite au plus tard à 6 semaines d'âge;
C84: 2e la deuxième pesée est faite entre 10 et 12 semaines d'âge;
C85: 3e la troisième pesée est faite entre 16 et 19 semaines d'âge.
C86: Pour les fins de la pesée, l'éleveur doit utiliser un échantillon représentatif du troupeau équivalent à 0,5% du troupeau jusqu'à concurrence de 100 poulettes. Il doit peser individuellement les poulettes et en calculer le poids moyen.
C87: 6. AJUSTEMENT DU PRIX DES POULETTES | J87: Lorsque les parties cochent « Oui », les ajustements suivants s'appliquent :
C88: a. Ajustement du prix de vente pour l'âge des poulettes :
C89: Pour chaque poulette livrée à plus de 19 semaines et 3 jours d'âge, le prix de vente est augmentée de 0,015 $ par jour par poulette. | J89: Oui Non
C90: Pour chaque poulette livrée à moins de 18 semaines et 4 jours d'âge, le prix de vente est réduit de 0,015 $par jour par poulette. | J90: Oui Non
C91: b. Réduction de prix de vente pour le taux d'uniformité : | J91: Oui Non
C92: Le poids cibles des poulettes est fixé en fonction de la charte d'élevage de la lignée génétique du fournisseur de poussins. Le taux d'uniformité du poids moyen des poulettes doit en tout temps être de 85% ou plus par rapport au poids cible. Lorsque le taux d'uniformité moyen des 3 pesées est inférieur à 85%, le prix de vente de chaque poulette est réduit selon les modalités suivante :
C93: - Entre 84% et 85% : | E93: réduction de 0,05 $; | H93: - Entre 81% et 82% : | K93: réduction de 0,20 $;
C94: - Entre 83% et 84% : | E94: réduction de 0,10 $; | H94: - Entre 80% et 81% : | K94: réduction de 0,25 $;
C95: - Entre 82% et 83% : | E95: réduction de 0,15 $; | H95: - 79% et moins : | K95: réduction de 0,30 $.
C96: Le taux d'uniformité du poids des poulettes en regard au poids cible doit être calculé selon les modalités suivantes :
C97: 1e Calculer le nombre de poulettes de l'échantillon dont le poids n'est pas supérieur au inférieur à 10% du poids cible;
C98: 2e Diviser le nombre de poulettes obtenu en 1e par le nombre de poulettes constituant l'échantillon et multiplier par 100.
C100: 7. GESTION DES SURPLUS | J100: Oui Non
C101: Lorsque les parties cochent « Oui », l’acheteur s’engage à acheter les poulettes qui pourraient être produites en surplus par l’éleveur, jusqu’à concurrence d’une quantité équivalant à 2 % de la quantité de poulettes commandée à la présente entente d’approvisionnement.
C103: 8. PRIX DE LA POULETTE : Le prix de la poulette payable à l’éleveur ne peut pas être inférieur au prix minimum publié par la Fédération au moment de la signature de l’entente. 9. PAIEMENT : Si l’éleveur et l’acheteur ont convenu du paiement d’un acompte équivalant au prix des poussins, l’acheteur doit verser cet acompte à l’éleveur au plus tard 15 jours après la date d’entrée en élevage des poussins. Au plus tard 6 semaines après la date d’entrée des poussins, l’acheteur doit payer à l’éleveur un premier versement sur le prix de vente des poulettes en lui remettant un montant équivalant à la moitié du prix minimum publié par la Fédération, excluant la portion correspondant au prix du poussin indiqué à l’article 2 de la présente entente, par poulette commandée, conformément à l’entente d’approvisionnement déposée à la Fédération. Au plus tard 10 jours après la transmission du rapport de mise en marché des poulettes à la Fédération par l’éleveur, l’acheteur doit payer à l’éleveur le solde du prix de vente des poulettes en lui remettant le montant indiqué par les parties à cette fin au rapport de mise en marché. Ce montant est calculé en fonction de la quantité réellement livrée par l’éleveur, telle qu’indiquée au rapport de mise en marché déposé, et du prix de vente convenu à l’entente d’approvisionnement déposée, tel qu’ajusté conformément aux ajustements de prix appliqués par les parties en vertu de l’article 6 de la présente entente, s’il y a lieu, duquel est déduit le montant du premier versement et de l’acompte versé, le cas échéant. Le paiement des poulettes est effectué par virement bancaire. 10. MODIFICATION : Toute modification relative à la quantité de poulettes devant être produites par l’éleveur doit être annoncée au moins 7 semaines avant l’entrée des poussins en élevage et être acceptée par l’éleveur, à défaut de quoi cette quantité ne peut pas être modifiée. 11. TRANSPORT ET LIVRAISON : L’acheteur doit confirmer à l’éleveur, par télécopieur ou par courriel, la date de livraison réelle des poulettes au moins 10 jours avant celle-ci. Il doit également désigner le transporteur et assumer les coûts de transport des poulettes ainsi que les coûts de déchargement au pondoir.12. POULETTES NON CONFORMES À L’ENTENTE D’APPROVISIONNEMENT : Malgré toute disposition contraire, l’acheteur n’est pas tenu de prendre livraison ni de payer les poulettes qui ne sont pas produites conformément à l’entente d’approvisionnement, soit parce qu’elles ne respectent pas les conditions de production visées à l’article 6 du Règlement sur la mise en marché des poulettes ou les spécifications requises par l’acheteur prévues à l’entente d’approvisionnement. S’il accepte d’en prendre livraison, l’acheteur n’est pas tenu de payer la portion du prix de vente attribuée à l’exécution d’une spécification qui n’a pas été respectée par l’éleveur, et les parties peuvent également modifier cette portion du prix de vente des poulettes. 13. RÉSILIATION : Sauf en cas de force majeure, l’entente d’approvisionnement ne peut pas être résiliée. 14. EXONÉRATION : L’éleveur ou l’acheteur lié par une entente d’approvisionnement ne peut être tenu responsable de quelque dommage que ce soit s’il est dans l’impossibilité de respecter intégralement toutes les obligations qui lui incombent en raison d’un cas de force majeure. L’éleveur rembourse à l’acheteur toute somme reçue pour le paiement des poulettes au plus tard 30 jours après l’événement constituant un cas de force majeure. 15. ARIOCC ET RÉGIME D’INDEMNISATION : Les parties à la présente entente déclarent qu’elles sont souscriptrices de l’ARIOCC et couvertes par la police d’assurance des biens couvrant certains sinistres attribuables à la Salmonella enteritidis dans la chaîne d’approvisionnement des œufs et par le Régime d’indemnisation. 16. DIFFÉRENDS : En cas de différend, l’éleveur et l’acheteur consignent au rapport de mise en marché l’objet de leur litige ainsi que le montant de la quote-part litigieuse du prix de vente.
C105: Signature | E105: Date | H105: Signature | L105: Date
C106: =IF(C5="","",C5) | H106: =IF(H5="","",H5)
C107: Nom de l'entreprise d'élevage (Éleveur) | H107: Nom de l'entreprise de ponte (Acheteur)

Sheet Feuil3

Sheet Bon de transport
G1: À acheminer à la Fédération au plus tard le : | H1: =IF('Tableau de Bord'!H5="","",'Tableau de Bord'!H5)
B3: BON DE TRANSPORT No de lot : | G3: réservé à la Fédération
B4: Éleveur | F4: Acheteur
B5: Nom : | F5: Nom :
B6: =IF('Calendrier + Entente d''appro.'!C5="","",'Calendrier + Entente d''appro.'!C5) | F6: =IF('Calendrier + Entente d''appro.'!H5="","",'Calendrier + Entente d''appro.'!H5)
B7: Adresse : | F7: Adresse :
B8: =IF('Calendrier + Entente d''appro.'!C7="","",'Calendrier + Entente d''appro.'!C7) | F8: =IF('Calendrier + Entente d''appro.'!H7="","",'Calendrier + Entente d''appro.'!H7)
B9: Adresse de l'éleveuse : | F9: Adresse du pondoir :
B10: =IF('Calendrier + Entente d''appro.'!C9="","",'Calendrier + Entente d''appro.'!C9) | F10: =IF('Calendrier + Entente d''appro.'!H9="","",'Calendrier + Entente d''appro.'!H9)
B11: Numéro de l'éleveuse : | F11: Numéro du pondoir :
B12: =IF('Calendrier + Entente d''appro.'!C11="","",'Calendrier + Entente d''appro.'!C11) | F12: =IF('Calendrier + Entente d''appro.'!H11="","",'Calendrier + Entente d''appro.'!H11)
E14: Date de livraison :
E16: Nom du transporteur :
E18: Nom du responsable du chargement :
E20: Quantité de poulettes chargées :
B22: Numéro du camion | C22: Heure de début du chargement | D22: Heure de fin du chargement | E22: Nombre de cages de transport | G22: Nombre de poulettes par cage | H22: Total par camion
B29: Commentaires:
B33: Signature | D33: Date | F33: Signature | H33: Date
B34: =IF('Calendrier + Entente d''appro.'!C5="","",'Calendrier + Entente d''appro.'!C5) | F34: =IF(F16="","",F16)
B35: Nom de l'entreprise d'élevage (Éleveur) | F35: Nom de l'entreprise du transporteur
B37: Vous n’avez pas à compléter ce document si vous transmettez une copie du bon de transport remis par le transporteur qui contient les renseignements ci-dessus.

Sheet Rapport mise en marché poulette
J1: À acheminer à la Fédération au plus tard le : | K1: =IF('Tableau de Bord'!G5="","",'Tableau de Bord'!G5)
B3: RAPPORT DE MISE EN MARCHÉ DES POULETTES No de lot : | J3: Réservé à la Fédération
B4: Éleveur | G4: Acheteur
B5: Nom : | G5: Nom :
B6: =IF('Calendrier + Entente d''appro.'!C5="","",'Calendrier + Entente d''appro.'!C5) | G6: =IF('Calendrier + Entente d''appro.'!H5="","",'Calendrier + Entente d''appro.'!H5)
B7: Adresse : | G7: Adresse :
B8: =IF('Calendrier + Entente d''appro.'!C7="","",'Calendrier + Entente d''appro.'!C7) | G8: =IF('Calendrier + Entente d''appro.'!H7="","",'Calendrier + Entente d''appro.'!H7)
B9: Adresse de l'éleveuse : | G9: Adresse du pondoir :
B10: =IF('Calendrier + Entente d''appro.'!C9="","",'Calendrier + Entente d''appro.'!C9) | G10: =IF('Calendrier + Entente d''appro.'!H9="","",'Calendrier + Entente d''appro.'!H9)
B11: Numéro de l'éleveuse : | G11: Numéro du pondoir :
B12: =IF('Calendrier + Entente d''appro.'!C11="","",'Calendrier + Entente d''appro.'!C11) | G12: =IF('Calendrier + Entente d''appro.'!H11="","",'Calendrier + Entente d''appro.'!H11)
B13: Numéro de téléphone : | G13: Numéro de téléphone :
B16: Date d'entrée dans l'éleveuse : | G16: Quantité de poulettes commandées Blanche :
B18: Quantité de poussins reçus : (Inluant le 4% gratuit) | G18: Brune :
B20: Mode d'élevage des poulettes : | G20: Nombre de poulettes livrées :
B22: Nom du transporteur : | G22: Date de livraison au pondoir :
B24: Nb de poulettes au chargement : | G24: Adresse de livraison (si différente) :
B26: Conformité | J26: Oui Non
B27: L’acheteur confirme que les poulettes lui ayant été livrées sont conformes aux spécifications convenues entre lui et l’éleveur à l’entente d’approvisionnement.
B28: Particularité identifiée :
B30: Pesées convenues entre les parties | J30: Oui Non
B32: Date de pesée 1 : | D32: Poids moyen, pesée 1 (g) : | J32: % d'uniformité pesée 1 :
B33: Date de pesée 2 : | D33: Poids moyen, pesée 2 (g) : | J33: % d'uniformité pesée 2 :
B34: Date de pesée 3 : | D34: Poids moyen, pesée 3 (g) : | J34: % d'uniformité pesée 3 :
J36: Taux d'uniformité moyen des 3 pesées : | K36: =IFERROR(AVERAGE(K32:K34),"")
B38: Ajustement de prix de vente convenu entre les parties | J38: Oui Non
B39: PRIX TOTAL DE VENTE DES POULETTES SELON L'ENTENTE D'APPROVISIONNEMENT : | J39: =IFERROR(J41*J20,"") | L39: =IF(J39="","$","") -> $
I41: Prix unitaire | J41: =IF('Calendrier + Entente d''appro.'!K75="","",'Calendrier + Entente d''appro.'!K75) | L41: =IF(J41="","$","") -> $
B43: - ACOMPTE PAYÉ (Prix du poussin) | L43: =IF(J43="","$","") -> $
B45: - PREMIER VERSEMENT | L45: =IF(J45="","$","") -> $
B47: - AJUSTEMENTS DU PRIX DES POULETTES : Inscrire les montants en négatif lorsqu'il s'agit d'une réduction du prix par poulette
B48: Ajustement de prix pour l'âge des poulettes Poulettes livrées à 137 jours ou plus : + 0,015$ par poulette Poulettes livrées à 129 jours ou moins : - 0,015$ par poulette | L48: =IF(J48="","$","") -> $
B50: Taux d'uniformité moyen des poulettes Lorsque le taux d’uniformité moyen des 3 pesées est inférieur à 85 %, le prix de vente de chaque poulette est réduit selon la charte prévue à l’article 6b) de l’entente d’approvisionnement | L50: =IF(J50="","$","") -> $
B52: POULETTES NON CONFORMES À L’ENTENTE D’APPROVISIONNEMENT : Réduction de prix pour non-respect d’une spécification prévue à l’entente d’approvisionnement. | L52: =IF(J52="","$","") -> $
B54: SOUS-TOTAL DES AJUSTEMENTS: (Sous réserve d'un montant en litige) | J54: =+J48+J50+J52 -> 0 | L54: =IF(J54="","$","")
B56: SOLDE À PAYER : (Sous réserve d'un montant en litige) | J56: =IFERROR(J39-J43-J45+J54,"") | L56: =IF(J56="","$","") -> $
B58: Différent entre les parties: | J58: Oui Non
I60: Montant en litige | L60: =IF(J60="","$","") -> $
B62: Cause:
B65: Signature | E65: Date | G65: Signature | K65: Date
B66: =IF('Calendrier + Entente d''appro.'!C5="","",'Calendrier + Entente d''appro.'!C5) | G66: =IF('Calendrier + Entente d''appro.'!H5="","",'Calendrier + Entente d''appro.'!H5)
B67: Nom de l'entreprise d'élevage (Éleveur) | G67: Nom de l'entreprise de ponte (Acheteur)

Sheet Confirmation de paiement
G1: À acheminer à la Fédération au plus tard le : | H1: =IF('Tableau de Bord'!I5="","",'Tableau de Bord'!I5)
B3: CONFIRMATION DE PAIEMENT No de lot : | G3: Réservé à la Fédération
B4: Éleveur | F4: Acheteur
B5: Nom : | F5: Nom :
B6: =IF('Calendrier + Entente d''appro.'!C5="","",'Calendrier + Entente d''appro.'!C5) | F6: =IF('Calendrier + Entente d''appro.'!H5="","",'Calendrier + Entente d''appro.'!H5)
B7: Adresse : | F7: Adresse :
B8: =IF('Calendrier + Entente d''appro.'!C7="","",'Calendrier + Entente d''appro.'!C7) | F8: =IF('Calendrier + Entente d''appro.'!H7="","",'Calendrier + Entente d''appro.'!H7)
B9: Adresse de l'éleveuse : | F9: Adresse du pondoir :
B10: =IF('Calendrier + Entente d''appro.'!C9="","",'Calendrier + Entente d''appro.'!C9) | F10: =IF('Calendrier + Entente d''appro.'!H9="","",'Calendrier + Entente d''appro.'!H9)
B11: Numéro de l'éleveuse : | F11: Numéro du pondoir :
B12: =IF('Calendrier + Entente d''appro.'!C11="","",'Calendrier + Entente d''appro.'!C11) | F12: =IF('Calendrier + Entente d''appro.'!H11="","",'Calendrier + Entente d''appro.'!H11)
B13: Numéro de téléphone : | F13: Numéro de téléphone :
B14: =IF('Rapport mise en marché poulette'!B14="","",'Rapport mise en marché poulette'!B14) | F14: =IF('Rapport mise en marché poulette'!G14="","",'Rapport mise en marché poulette'!G14)
B16: Date d'entrée dans l'éleveuse : | C16: =IF('Calendrier + Entente d''appro.'!C19=0,"",'Calendrier + Entente d''appro.'!C19) | F16: Quantité de poulettes commandées : Blanche :
B18: Date réelle de livraison au pondoir : | C18: =IF('Rapport mise en marché poulette'!J22="","",'Rapport mise en marché poulette'!J22) | G18: Brune :
B21: Prix de vente des poulettes | D21: Date du paiement par l'acheteur | G21: Montant payé par l'acheteur
B22: Acompte (si applicable) Si les parties l’ont convenu, un acompte sur le prix de vente d’un montant équivalant au prix du poussin est payable 15 jours après l’entrée des poussins dans l’éleveuse. | I22: =IF(G22="","$","") -> $
D23: jj / mm / aaaa
B24: 1er versement L’acheteur doit acquitter le premier versement (50% du coût du forfait d’élevage) au plus tard 6 semaines après l’entrée des poussins. | I24: =IF(G24="","$","") -> $
D25: jj / mm / aaaa
B26: Solde L’acheteur doit acquitter le solde du prix de vente au plus tard 10 jours après la transmission du rapport de mise en marché à la Fédération. | I26: =IF(G26="","$","") -> $
D27: jj / mm / aaaa
B31: Signature | D31: Date | F31: Signature | H31: Date
B32: =IF('Calendrier + Entente d''appro.'!C5="","",'Calendrier + Entente d''appro.'!C5) | F32: =IF('Calendrier + Entente d''appro.'!H5="","",'Calendrier + Entente d''appro.'!H5)
B33: Nom de l'entreprise d'élevage (Éleveur) | F33: Nom de l'entreprise de ponte (Acheteur)
